Map: Dusk Towers

Players

Arch

  • Race: Protoss Protoss
  • League: Platinum

LilDicky - Winner!

  • Race: Terran Terran
  • League: Diamond

VOD

http://www.twitch.tv/tumescentpie

Description

Time

  • Played on: Nov. 30, 2015, 6:10 p.m.
  • Length: 6:16
Show
View Real Time Build Order
Export as new Build Order

Arch Protoss 

Build Orders:  

Get SALT Encoding   

  12  0:01  Probe (Chrono Boost)  
  13  0:11  Probe (Chrono Boost)  
  14  0:17  Pylon  
  14  0:22  Probe (Chrono Boost)  
  15  0:36  Probe (Chrono Boost)  
  15  0:38  Gateway  
  16  0:46  Probe (Chrono Boost)  
  16  0:49  Assimilator  
  18  0:57  Probe (Chrono Boost)  
  18  0:59  Assimilator  
  18  1:07  Probe (Chrono Boost)  
  19  1:18  Probe (Chrono Boost)  
  20  1:25  Cybernetics Core  
  20  1:28  Probe (Chrono Boost)  
  20  1:32  Gateway  
  21  1:39  Probe (Chrono Boost)  
  22  1:46  Pylon  
  22  1:53  Probe (Chrono Boost)  
  23  2:04  Adept (Chrono Boost)  
  23  2:06  Warp Gate (Chrono Boost)  
  25  2:10  Probe (Chrono Boost)  
  27  2:23  Mothership Core  
  27  2:24  Adept (Chrono Boost)  
  31  2:44  Adept (Chrono Boost)  
  31  2:48  Nexus  
  31  2:59  Pylon  
  31  3:17  Pylon  
  31  3:18  Stalker (Chrono Boost)  
  33  3:23  Stalker (Chrono Boost)  
  33  3:45  Probe  
  33  3:46  Robotics Facility  
  34  4:09  Gateway  
  34  4:10  Probe  
  34  4:11  Probe  
  36  4:28  Probe  
  36  4:29  Probe  
  38  4:33  Observer (Chrono Boost)  
  39  4:40  Gateway  
  39  4:41  Sentry x2  
  39  4:42  Gateway  
  39  4:43  Probe  
  39  4:44  Probe  
  45  4:48  Assimilator  
  45  4:51  Pylon  
  45  5:02  Probe, Observer (Chrono Boost)  
  45  5:03  Probe  
  48  5:12  Stargate  
  48  5:17  Stalker x2  
  52  5:24  Probe  
  52  5:25  Probe  
  54  5:31  Sentry  
  54  5:34  Probe  
  56  5:37  Probe  
  51  5:50  Mothership Core  
  47  6:01  Adept  
  47  6:02  Adept x2  
Show
View Real Time Build Order
Export as new Build Order

LilDicky Terran - Winner!

Build Orders: MMM Bio 

Get SALT Encoding   

  12  0:01  SCV  
  13  0:13  SCV  
  14  0:17  Supply Depot  
  14  0:25  SCV  
  14  0:27  Refinery  
  15  0:39  SCV  
  16  0:45  Barracks  
  16  0:55  SCV  
  17  1:07  SCV  
  18  1:19  SCV  
  19  1:34  Supply Depot, Marine  
  19  1:35  Orbital Command  
  20  1:41  Factory  
  20  2:02  SCV  
  21  2:14  Marine  
  22  2:18  Barracks  
  22  2:21  Barracks  
  22  2:22  SCV  
  23  2:31  Refinery  
  23  2:34  Barracks Reactor, SCV  
  23  2:46  SCV  
  24  2:52  Widow Mine  
  27  2:58  SCV  
  27  3:00  Supply Depot  
  27  3:05  Barracks Tech Lab  
  27  3:07  Barracks Tech Lab  
  27  3:10  SCV  
  28  3:14  Marine x2  
  30  3:22  SCV  
  31  3:28  Stimpack  
  31  3:30  Combat Shields  
  31  3:32  Marine  
  31  3:33  Marauder  
  34  3:34  Marauder  
  34  3:37  SCV  
  37  3:44  Starport  
  37  3:50  SCV, Marine, Supply Depot  
  39  4:11  Marine x2  
  39  4:12  SCV, Marauder  
  39  4:13  Marine  
  43  4:29  Medivac  
  43  4:30  Marauder  
  47  4:33  Supply Depot  
  47  4:35  SCV, Marine, Marauder  
  47  4:36  Marine  
  52  4:46  Supply Depot  
  52  4:47  SCV  
  52  4:50  Marine  
  54  5:15  Marine x2  
  54  5:16  Marauder  
  54  5:17  Medivac  
Tags
 
Add a new tag
Caveats
  • Supply blocks, unpowered buildings, or Contaminate may cause inaccurate times.
  • Supply counts are checked every 10 seconds.